 Dungeon Crawl Stone Soup version 0.31-a0-233-g139696dc86 (webtiles) character file.

Game seed: 14985756271702084007

54 qw the Shooter (level 3, -1/21 HPs)
             Began as a Gargoyle Hexslinger on July 7, 2023.
             Slain by a gnoll
             ... wielding a +0 spear
              (4 damage)
             ... on level 3 of the Dungeon.
             The game lasted 00:00:38 (1485 turns).

qw the Shooter (Gargoyle Hexslinger)                Turns: 1485, Time: 00:00:38

Health: -1/21      AC: 15    Str: 11    XL:     3   Next: 91%
Magic:  4/4        EV: 10    Int: 13    God:
Gold:   134        SH:  0    Dex: 14    Spells: 3/4 levels left

rFire   . . .        Y - +1 sling
rCold   . . .        (no shield)
rNeg    + . .        e - +0 ring mail
rPois   inf          (no helmet)
rElec   +            (no cloak)
rCorr   .            (no gloves)
SInv    .            c - +2 pair of boots
Will    .....        (no amulet)
Stlth   +            j - +4 ring of protection
HPRegen 0.23/turn    (no ring)
MPRegen 0.09/turn

%: no passive effects
@: no status effects
A: sickness immunity, AC +3, negative energy resistance 1, electricity
resistance, torment resistance 1, petrification resistance
a: no special abilities


You were on level 3 of the Dungeon.
You visited 1 branch of the dungeon, and saw 3 of its levels.

You collected 134 gold pieces.


Innate Abilities, Weirdness & Mutations

You are immune to sickness and miasma.
Your stone body is resilient. (AC +3)
You are immune to poison.
You resist negative energy. (rN+)
You are resistant to electric shocks. (rElec)
You are resistant to unholy torment.
You are immune to petrification.


   Skills:
 - Level 2.0 Fighting
 + Level 3.5 Ranged Weapons
 - Level 1.0 Armour
 - Level 1.5 Dodging
 - Level 1.0 Spellcasting
 - Level 2.6 Hexes


You had 3 spell levels left.
You knew the following spells:

 Your Spells              Type           Power      Damage    Failure   Level
a - Slow                  Hex            28%        N/A       22%         1

Your spell library contained the following spells:

 Spells                   Type           Power      Damage    Failure   Level
 Inner Flame              Hex/Fire       4%         N/A       75%         3
 Portal Projectile        Hex/Tloc       8%         N/A       75%         3
 Cause Fear               Hex            3%         N/A       91%         4

Inventory:

Hand Weapons
 Y - a +1 sling (weapon)
Armour
 c - a +2 pair of boots (worn)
 e - a +0 ring mail (worn)
Jewellery
 j - a +4 ring of protection (left hand)
Scrolls
 a - a scroll of identify
 b - a scroll of teleportation
Potions
 d - a potion of resistance {unknown}
 f - a potion of lignification {unknown}
 h - a potion of heal wounds {unknown}
 i - a potion of haste
 k - a potion of ambrosia {unknown}

Dungeon Overview and Level Annotations

Branches:
Dungeon (3/15)

Altars:
Fedhas
Hepliaklqana


Message History

You shoot a sling bullet.
The sling bullet completely misses the gnoll.
An adder comes into view.
The gnoll misses you.
You shoot a sling bullet. The adder hisses angrily.
The sling bullet hits the gnoll but does no damage.
The gnoll is heavily wounded.
The gnoll hits you with a +0 flail. x2
A gnoll comes into view. It is wielding a +0 whip.
You shoot a sling bullet.
The sling bullet hits the gnoll but does no damage.
The gnoll is heavily wounded.
The gnoll hits you but does no damage.
You shoot a sling bullet.
The sling bullet completely misses the gnoll.
The gnoll barely misses you.
The gnoll hits you from afar with a +0 spear.
The gnoll hits you with a +0 flail. The gnoll closely misses you.
You shoot a sling bullet.
The sling bullet hits the gnoll but does no damage.
The gnoll is heavily wounded.
The gnoll closely misses you. The adder bites you but does no damage.
The gnoll misses you. The gnoll hits you but does no damage.
You shoot a sling bullet.
The sling bullet closely misses the gnoll.
The adder bites you but does no damage. The gnoll hits you but does no damage.
The gnoll barely misses you. The adder bites you but does no damage.
You shoot a sling bullet.
The sling bullet closely misses the gnoll.
The gnoll barely misses you. The adder bites you but does no damage.
The gnoll barely misses you. The adder bites you.
You shoot a sling bullet.
The sling bullet hits the gnoll but does no damage.
The gnoll is heavily wounded.
The gnoll barely misses you. The gnoll closely misses you.
A gnoll comes into view. It is wielding a +0 club.
The adder closely misses you. The gnoll hits you with a +0 flail.
The gnoll hits you from afar with a +0 spear.
You die...

g.. ... ... #.# #.##
###.g ### #### #.gS#
<.### #.. #.g@# #...#
#.#####...#
###.####.........#####
.......................
##.##.......#.#########
.................#
..####..####...#.#
..........)......#
######....########


You could see 4 gnolls and an adder.

Vanquished Creatures
  2 worms (D:2)
  2 dart slugs
  5 bats
  5 endoplasms
  3 giant cockroaches
  2 goblins (D:1)
  5 hobgoblins
  4 jackals (D:2)
  2 ball pythons (D:2)
  3 frilled lizards
  5 kobolds
  3 rats
41 creatures vanquished.

Notes
Turn   | Place    | Note
-------+----------+-------------------------------------------
     0 | D:1      | qw the Gargoyle Hexslinger began the quest for the Orb.
     0 | D:1      | Reached XP level 1. HP: 12/12 MP: 2/2
     0 | D:1      | 0 ||| qw: Version: 0.3-a-46-gb1f654a
     0 | D:1      | 0 ||| qw: Game counter: 3322
     0 | D:1      | 0 ||| qw: Melee chars always use a shield: true
     0 | D:1      | 0 ||| qw: God list: Okawaru
     0 | D:1      | 0 ||| qw: Allow faded altars: false
     0 | D:1      | 0 ||| qw: Do Orc after clearing Dungeon:15 true
     0 | D:1      | 0 ||| qw: Do second Lair branch before Depths: true
     0 | D:1      | 0 ||| qw: Lair rune preference: random
     0 | D:1      | 0 ||| qw: Goals: Normal
     0 | D:1      | 0 ||| PLANNING D:1-11
   216 | D:1      | Reached XP level 2. HP: 16/16 MP: 3/3
   293 | D:1      | Reached skill level 3 in Ranged Weapons
   808 | D:1      | 808 ||| UPGRADING to +0 ring mail.
   818 | D:1      | 818 ||| DROPPING +0 robe.
   819 | D:1      | 819 ||| UPGRADING to +0 pair of boots.
   824 | D:1      | 824 ||| READING scroll labelled FEAWA CI PEGUM.
   825 | D:1      | 825 ||| READING 2 scrolls labelled DIDGHO FELAOSA.
   826 | D:1      | 826 ||| READING scroll labelled TESE CITUTEDAH.
   827 | D:1      | 827 ||| DRINKING 2 green potions.
   828 | D:1      | 828 ||| DROPPING scroll of poison.
   829 | D:1      | 829 ||| DROPPING scroll of fog.
   865 | D:2      | Reached XP level 3. HP: 21/21 MP: 4/4
  1028 | D:2      | Reached skill level 1 in Armour
  1392 | D:2      | 1392 ||| UPGRADING to +2 pair of boots.
  1402 | D:2      | 1402 ||| DROPPING +0 pair of boots.
  1403 | D:2      | 1403 ||| UPGRADING to +4 ring of protection.
  1404 | D:2      | 1404 ||| READING 2 scrolls labelled ZAKLEO LUH JUI.
  1405 | D:2      | 1405 ||| READING 2 scrolls labelled YPAIDE POMOXA.
  1410 | D:2      | 1410 ||| DROPPING scroll of vulnerability.
  1442 | D:3      | Found a hazy altar of Hepliaklqana.
  1447 | D:3      | Found a blossoming altar of Fedhas.
  1485 | D:3      | HP: 3/21 [gnoll/+0 flail (3)]
  1485 | D:3      | Slain by a gnoll

Levels and vault maps discovered:
D:1:      kilobyte_arrival_exit_the_forest, layout_loops_cross
D:2:      layout_loops_ring
D:3:      layout_basic, mainiacjoe_overflow_boulevard,
          mainiacjoe_overflow_tiny_flanked, serial_shops,
          nicolae_shop_competitors_out_of_business, minmay_joined_circles

Skill      XL: |  1  2  3 |
---------------+----------+-----
Ranged Weapons | 3 |  3.5
Fighting       | 2 |  2.0
Armour         | 1 |  1.0
Dodging        | |  1.5
Spellcasting   | |  1.0
Hexes          | |  2.6

Action                     || total
---------------------------++-------
   Fire: Sling             ||   146
    Use: Scroll            ||     5
         Potion            ||     1
 Armour: Robe              ||    13
         Ring mail         ||    34
  Dodge: Dodged            ||    52

Table legend:
 A = Non-vault XP
 B = Vault XP
 C = Vault XP percentage of total XP
 D = Non-vault monster count
 E = Vault monster count
 F = Vault count percentage of total count
                 A         B        C        D         E       F
            +---------+---------+-------+---------+---------+-------
      Total |      78 |       0 |   0.0 |      41 |       0 |   0.0
            +---------+---------+-------+---------+---------+-------
        D:1 |      33 |       0 |   0.0 |      19 |       0 |   0.0
        D:2 |      41 |       0 |   0.0 |      19 |       0 |   0.0
        D:3 |       4 |       0 |   0.0 |       3 |       0 |   0.0
            +---------+---------+-------+---------+---------+-------
